 Dungeon Crawl Stone Soup version 0.31-a0-161-gb58dd9be76 (webtiles) character file.

Game seed: 7354603907973785537

147 Moral the Chiller (level 5, -6/42 HPs)
             Began as a Naga Ice Elementalist on June 12, 2023.
             Mangled by an iguana (7 damage)
             ... on level 3 of the Dungeon.
             The game lasted 00:11:11 (3341 turns).

Moral the Chiller (Naga Ice Elementalist)           Turns: 3341, Time: 00:11:13

Health: -6/42      AC:  6    Str: 10    XL:     5   Next: 29%
Magic:  1/10       EV:  9    Int: 18    God:
Gold:   108        SH:  0    Dex: 11    Spells: 7/11 levels left

rFire   + + .        j - +5 dagger (speed)
rCold   + . .        (no shield)
rNeg    . . .        k - +3 leather armour {rF+}
rPois   +            (no helmet)
rElec   +            (no cloak)
rCorr   +            (no gloves)
SInv    +            (no barding)
Will    .....        (no amulet)
Stlth   ++           (no ring)
HPRegen 0.27/turn    (no ring)
MPRegen 0.12/turn

%: no passive effects
@: short of breath, resistant, freezing walls, very slow
A: AC +1, large, see invisible, deformed body, poison resistance, slowness 2,
spit poison 1, naga tail 1
a: Spit Poison


You were on level 3 of the Dungeon.
You visited 1 branch of the dungeon, and saw 3 of its levels.

You collected 108 gold pieces.

Inventory:

Hand Weapons
 j - a +5 dagger of speed (weapon)
Armour
 k - a +3 leather armour of fire resistance (worn)
Wands
 a - a wand of mindburst (13)
 i - a wand of charming (5)
Scrolls
 c - a scroll of teleportation {unknown}
 d - 2 scrolls of identify {unknown}
 e - a scroll of brand weapon {unknown}
 f - a scroll of silence {unknown}
 l - a scroll of revelation {unknown}
Potions
 b - a potion of magic
 h - 2 potions of lignification {unknown}


   Skills:
 * Level 0.9 Short Blades
 + Level 1.7 Dodging
 * Level 3.9 Stealth
 * Level 3.5 Spellcasting
 * Level 4.9 Ice Magic


You had 7 spell levels left.
You knew the following spells:

 Your Spells              Type           Power      Damage    Failure   Level
a - Freeze                Ice            84%        1d9       2%          1
b - Frozen Ramparts       Ice            42%        1d7       9%          3

Your spell library contained the following spells:

 Spells                   Type           Power      Damage    Failure   Level
 Ozocubu's Armour         Ice            21%        N/A       9%          3
 Dazzling Flash           Conj/Hex       6%         N/A       54%         3
 Ignite Poison            Fire/Tmut/Pois 3%         N/A       54%         3
 Volatile Blastmotes      Fire/Tloc      6%         2d10      54%         3
 Summon Ice Beast         Ice/Summ       12%        N/A       58%         4
 Iskenderun's Mystic Bla  Conj/Tloc      3%         2d3       91%         4
 Sticky Flame             Conj/Fire      3%         2d3       91%         4
 Starburst                Conj/Fire      1%         6d3       100%        6
 Ignition                 Fire           1%         3d3       100%        8


Dungeon Overview and Level Annotations

Branches:
Dungeon (3/15)

Altars:

Shops:
D:1 *


Innate Abilities, Weirdness & Mutations

Your serpentine skin is tough. (AC +1)
You have supernaturally acute eyesight. (SInv)
Armour fits poorly on your strangely shaped body.
Your system is resistant to poisons. (rPois)
You cover ground very slowly.
You can spit poison.
You have a snake-like lower body.


Message History

Confirm with . or Enter, or press ? or * to list all spells.
You can't see any susceptible monsters within range! (Use Z to cast anyway.)
Aiming: Freeze (safe; 2% risk of failure)
Press: ? - help, Q - select action, (/) - cycle Shift-Dir - straight line, f - you
Okay, then.
Aiming: Spit Poison (1% risk of failure)
Press: ? - help, Shift-Dir - straight line, f - gnoll
Aim: a gnoll, wielding a +2 heavy spear (65% to hit)
The splash of poison hits the gnoll.
The gnoll is heavily wounded.
The wall freezes the gnoll.
The gnoll misses you.
The wall freezes the gnoll.
The gnoll hits you from afar with a +0 spear.
The wall freezes the iguana but does no damage.
The wall freezes the gnoll.
The gnoll hits you from afar with a +2 heavy spear!
* * * LOW HITPOINT WARNING * * *
The wall freezes the gnoll.
You kill the gnoll!
You have got your breath back.
The wall freezes the gnoll.
The gnoll hits you from afar with a +2 heavy spear!
* * * LOW HITPOINT WARNING * * *
The wall freezes the iguana but does no damage.
You hit the iguana.
The iguana is lightly wounded.
Okay, then.
It was a potion of resistance.
You feel protected.
The wall freezes the iguana.
The iguana bites you.
* * * LOW HITPOINT WARNING * * *
The wall freezes the gnoll!
You kill the gnoll!
Aiming: Spit Poison (1% risk of failure)
Press: ? - help, Shift-Dir - straight line, f - iguana
Aim: an iguana (moderately wounded, 65% to hit)
The splash of poison hits the iguana.
The iguana is poisoned.
The iguana is severely wounded.
The wall freezes the iguana but does no damage.
The iguana bites you!
You die...

....... .).#.#.÷##.....#..##...#
...#.......................#...##
...#..##........................#
####..##.................###.....
.....########...............
#..........................
###.#######..(..........†.. #...#
##........#.......
#....###@.#.#............
#...#l..#.##.....<.....
#.l)))..............†..
.......)##.###..#.......>.
.........#.##..##.........
....$.........###....#####
........#..#..# ###..#####
...........#..######..>.##
.....#..........[.##.....#


You could see an iguana (poisoned).

Vanquished Creatures
  Ijyb (D:3)
  4 gnolls (D:3)
  2 adders (D:3)
  2 dart slugs (D:1)
  3 worms
  An orc (D:3)
  9 endoplasms
  6 goblins
  2 hobgoblins
  2 jackals (D:1)
  4 kobolds
  A quokka (D:2)
  4 ball pythons
  6 bats
  A frilled lizard (D:2)
  5 rats
53 creatures vanquished.

Notes
Turn   | Place    | Note
-------+----------+-------------------------------------------
     0 | D:1      | Moral the Naga Ice Elementalist began the quest for the
                  | Orb.
     0 | D:1      | Reached XP level 1. HP: 15/15 MP: 3/3
   429 | D:1      | Reached XP level 2. HP: 22/22 MP: 3/5
   660 | D:1      | Found a faded altar of an unknown god.
   758 | D:1      | Found Ubiacux's Assorted Antiques.
   995 | D:1      | Reached XP level 3. HP: 26/28 MP: 2/6
  1552 | D:1      | You fall into a shaft and drop 1 floor!
  1958 | D:2      | Learned a level 3 spell: Frozen Ramparts
  2956 | D:3      | Reached XP level 4. HP: 27/36 MP: 5/8
  3070 | D:3      | Noticed Ijyb
  3092 | D:3      | Killed Ijyb
  3331 | D:3      | Reached XP level 5. HP: 30/42 MP: 4/10
  3340 | D:3      | HP: 1/42 [iguana (5)]
  3341 | D:3      | Mangled by an iguana

Illustrated notes

Levels and vault maps discovered:
D:1:      ncdulo_smallfort, layout_basic, serial_shops, shop,
          hellmonk_ecumenical_altar_defaced_shrine
D:2:      layout_loops_corners
D:3:      layout_rooms, serial_rivers, chequers_serial_rivers_small_b,
          chequers_serial_rivers_micro_a, chequers_serial_rivers_micro_b,
          chequers_serial_rivers_micro_b, chequers_serial_rivers_marsh,
          chequers_serial_rivers_micro_d, uniq_ijyb

Skill      XL: |  1  2  3 |
---------------+----------+-----
Spellcasting   | 3 |  3.5
Short Blades   | |  0.9
Dodging        | |  1.7
Stealth        | |  3.9
Ice Magic      | |  4.9

Action                     |  1- 3 |  4- 6 || total
---------------------------+-------+-------++-------
  Melee: Unarmed           |    13 |     1 ||    14
         Dagger            |       |    15 ||    15
   Cast: Freeze            |    48 |     9 ||    57
         Frozen Ramparts   |     2 |     3 ||     5
Ability: Spit Poison       |     6 |     3 ||     9
    Use: Scroll            |     1 |       ||     1
         Potion            |       |     1 ||     1
   Stab: Sleeping          |     2 |     2 ||     4
 Armour: Robe              |    11 |     1 ||    12
         Leather armour    |       |     4 ||     4
  Dodge: Dodged            |    35 |    17 ||    52

Table legend: (Time is in decaauts)
 A = Elapsed time spent in this place.
 B = Non-inter-level travel time spent in this place.
 C = Inter-level travel time spent in this place.
 D = Time resting spent in this place.
 E = Time spent auto-exploring this place.
 F = Levels seen in this place.
 G = Mean time per level.
                   A        B        C        D        E       F      G
               +--------+--------+--------+--------+--------+-----+--------+
         Total |   4158 |   4074 |     84 |    778 |   2611 |   3 | 1386.0 |
       Dungeon |   4158 |   4074 |     84 |    778 |   2611 |   3 | 1386.0 |
               +--------+--------+--------+--------+--------+-----+--------+

Top non-repeatable levels by time:
     D:1: 1925 daAuts
     D:2: 1599 daAuts
     D:3: 633 daAuts
